 Dungeon Crawl Stone Soup version 0.32-a0-656-g3542139ebd (webtiles) character file.

Game seed: 7953453615214166783

96 kae the Slasher (level 4, 0/33 HPs)
             Began as a Coglin Gladiator on Mar 8, 2024.
             Slain by a goblin
             ... wielding a +0 dagger
              (1 damage)
             ... on level 3 of the Dungeon.
             The game lasted 00:01:25 (1608 turns).

kae the Slasher (Coglin Gladiator)                  Turns: 1608, Time: 00:01:26

Health: 0/33       AC:  4    Str: 14    XL:     4   Next: 67%
Magic:  4/4        EV: 12    Int:  7    God:
Gold:   84         SH:  0    Dex: 18    Spells: 3/3 levels left

rFire   . . .        a - +0 long sword {Iwao}
rCold   . . .        f - +0 dagger {Jaspreet}
rNeg    . . .        b - +0 leather armour
rPois   .            c - +0 helmet
rElec   .            (no cloak)
rCorr   .            (no gloves)
SInv    .            (no boots)
Will    .....        (amulet unavailable)
Stlth   +            (ring unavailable)
HPRegen 0.25/turn    (ring unavailable)
MPRegen 0.09/turn    (no gizmo)

%: no passive effects
@: studying Throwing, revved
A: off-hand wielding, slow wielding, warmup strikes, no jewellery
a: Invent Gizmo


You were on level 3 of the Dungeon.
You visited 1 branch of the dungeon, and saw 3 of its levels.

You collected 84 gold pieces.


Innate Abilities, Weirdness & Mutations

You can wield a second weapon in your off-hand.
It takes a long time for you to wield or remove held weapons.
Your first few attacks do less damage.
You cannot equip rings or amulets.


   Skills:
 - Level 2.0 Fighting
 + Level 5.3 Long Blades
 - Level 1.7 Throwing
 - Level 2.6 Dodging


You had 3 spell levels left.
You didn't know any spells.
Your spell library contained the following spells:

 Spells                   Type           Power      Damage    Failure   Level
 Slow                     Hex            0%         N/A       52%         1
 Call Imp                 Summ           0%         N/A       65%         2
 Sublimation of Blood     Necr           0%         N/A       65%         2
 Confusing Touch          Hex            0%         N/A       87%         3
 Sigil of Binding         Hex            0%         N/A       87%         3
 Vampiric Draining        Necr           0%         2d6       87%         3
 Summon Hydra             Summ           0%         N/A       100%        7

Inventory:

Hand Weapons
 a - a +0 long sword (weapon) {Iwao}
 f - a +0 dagger (offhand) {Jaspreet}
Missiles
 d - 3 throwing nets (quivered) {=f!f}
 e - a javelin
 g - 2 curare-tipped darts {=f}
 p - 14 stones
Armour
 b - a +0 leather armour (worn)
 c - a +0 helmet (worn)
Jewellery
 l - an amulet of reflection
   (You found it on level 2 of the Dungeon)
 Z - a ring of wizardry
   (You found it on level 1 of the Dungeon)
Potions
 h - a potion of invisibility {unknown}
 i - a potion of magic
 j - 2 potions of curing {unknown}
 k - 2 potions of berserk rage {unknown}
 m - a potion of enlightenment {unknown}
 n - 2 potions of haste {@q3}
 s - a potion of degeneration {!q}

Dungeon Overview and Level Annotations

Branches:
Dungeon (3/15) Zot: 16386

Altars:

Shops:
D:3

[ #.#.##.. #.#.....
#.#..#.# #########
######.#..#.#
........####......#..#.#
.............######....#
.............# #.....###
......rg.....###.#####
.....o.@..........#
......g)#.........#
........#.........#
........#.........#
#########.........#
###########


You could see an orc, a quokka and 2 goblins.


Message History

Done exploring.
Done exploring.
Done exploring.
Done exploring.
Done exploring.
Things that are here:
a +0 short sword; a kobold skeleton
There is a stone staircase leading down here.
You climb downwards.
There is a stone staircase leading up here.
As you read the scroll labelled ZIRIGA ELECEY, it crumbles to dust.
It is a scroll of identify.
n - 2 potions of haste
As you read the scroll of identify {@r1}, it crumbles to dust.
i - a potion of magic
As you read the scroll of identify {@r1}, it crumbles to dust.
s - a potion of degeneration
m - a glowing pink potion You see here a +0 robe.
An orc comes into view. It is wielding a +0 short sword.
An orc is nearby!
An orc is nearby!
A goblin comes into view. It is wielding a +0 dagger.
The goblin moves out of view.
An orc comes into view. It is wielding a +0 club.
The goblin shouts!
You hear a shout!
A quokka and an orc come into view.
The orc shouts!
You hear a shout!
A goblin comes into view. It is wielding a +0 dagger.
You slash the orc with your +0 long sword!
You kill the orc!
You see here a +0 short sword.
You closely miss the orc with your +0 long sword.
You hit the orc with your +0 dagger. The orc hits you with a +0 club.
The goblin misses you. 😕 HP[-4]
You take 4 damage, and now have 29/33 hp.
You closely miss the orc with your +0 dagger.
You hit the orc but do no damage. The orc closely misses you.
The goblin closely misses you.
The orc hits you from afar with a +0 trident.
You barely miss the orc with your +0 dagger.
You closely miss the orc with your +0 long sword.
The orc hits you with a +0 club.
The orc hits you from afar with a +0 trident!
The goblin barely misses you. The quokka bites you.
* * * LOW HITPOINT WARNING * * *
😨 HP[-16]
You take 16 damage, and now have 13/33 hp.
MASSIVE DAMAGE!! (PAUSE)
You hit the orc but do no damage.
You hit the orc with your +0 long sword.
The goblin hits you but does no damage. The quokka misses you.
The orc closely misses you. 😨 HP[+1] Unknown command.
You hit the quokka with your +0 long sword.
You closely miss the quokka with your +0 dagger.
The quokka bites you.
* * * LOW HITPOINT WARNING * * *
The orc closely misses you. The goblin closely misses you.
The goblin hits you but does no damage.
The orc hits you but does no damage. 😨 HP[-1]
You take 1 damage, and now have 13/33 hp.
You hit the quokka but do no damage.
You hit the quokka with your +0 long sword.
The quokka misses you. The orc barely misses you. The goblin misses you.
The goblin hits you but does no damage. The orc barely misses you.
Unknown command.
You hit the orc but do no damage.
You closely miss the orc with your +0 dagger.
The quokka bites you but does no damage.
The orc hits you with a +0 club.
* * * LOW HITPOINT WARNING * * *
The goblin misses you. The goblin hits you but does no damage.
The orc closely misses you. 😨 HP[-2]
You take 2 damage, and now have 11/33 hp.
Unknown command.
You hit the orc but do no damage. x2; The quokka closely misses you.
The orc closely misses you. The goblin barely misses you.
The goblin hits you but does no damage. The orc closely misses you.
The quokka bites you.
* * * LOW HITPOINT WARNING * * *
😱 HP[-3]
You take 3 damage, and now have 8/33 hp.
Unknown command.
You hit the orc but do no damage. x2; The orc closely misses you.
The goblin hits you but does no damage. The goblin closely misses you.
The orc barely misses you. The quokka closely misses you.
Unknown command.
You completely miss the orc with your +0 dagger.
You hit the orc with your +0 long sword.
You kill the orc!
The quokka bites you.
* * * LOW HITPOINT WARNING * * *
The orc hits you from afar with a +0 trident.
* * * LOW HITPOINT WARNING * * *
The goblin hits you but does no damage. The goblin hits you with a +0 dagger.
You die...

Skill      XL: |  1  2  3  4 |
---------------+-------------+-----
Long Blades    | 4 5 |  5.3
Fighting       | |  2.0
Throwing       | |  1.7
Dodging        | |  2.6

Action                     |  1- 3 |  4- 6 || total
---------------------------+-------+-------++-------
  Melee: Dagger            |    66 |    27 ||    93
         Long sword        |    70 |    31 ||   101
    Use: Scroll            |     3 |     6 ||     9
   Stab: Sleeping          |     1 |       ||     1
 Armour: Leather armour    |    32 |    37 ||    69
  Dodge: Dodged            |    57 |    37 ||    94

Levels and vault maps discovered:
D:1:      giann_bridges, layout_basic, chequers_ecumenical_altar_simple,
          nicolae_figureground_pulse
D:2:      layout_rooms
D:3:      layout_basic, serial_shops, nicolae_shop_rolling_square, uniq_natasha

Notes
Turn   | Place    | Note
-------+----------+-------------------------------------------
     0 | D:1      | kae the Coglin Gladiator began the quest for the Orb.
     0 | D:1      | Reached XP level 1. HP: 16/16 MP: 1/1
     0 | D:1      | magus.rc [v1.11.3]
     5 | D:1      | Found a faded altar of an unknown god.
    44 | D:1      | You pick up a book of Debilitation and begin reading...
    44 | D:1      | You add the spells Slow, Sigil of Binding, Vampiric
                  | Draining and Confusing Touch to your library.
   148 | D:1      | Reached XP level 2. HP: 21/22 MP: 2/2
   315 | D:1      | Reached skill level 4 in Long Blades
   327 | D:1      | Reached XP level 3. HP: 27/27 MP: 3/3
   776 | D:2      | You fall into a shaft and drop 1 floor!
   884 | D:3      | Found Merroo Dauss's Armour Boutique.
  1049 | D:2      | Reached XP level 4. HP: 30/33 MP: 4/4
  1231 | D:2      | Reached skill level 5 in Long Blades
  1270 | D:2      | Identified a scroll of acquirement
  1270 | D:2      | Acquired a manual of Throwing
  1271 | D:2      | HP: 8/33 [gnoll/+0 spear of pain (1)]
  1470 | D:2      | You pick up a book of Blood and begin reading...
  1470 | D:2      | You add the spells Call Imp, Sublimation of Blood and
                  | Summon Hydra to your library.
  1606 | D:3      | HP: 8/33 [quokka (4)]
  1608 | D:3      | HP: 1/33 [orc/+0 trident (6)]
  1608 | D:3      | Slain by a goblin

Vanquished Creatures
  2 adders
  2 gnolls (D:2)
  5 dart slugs
  2 orcs (D:3)
  2 ball pythons (D:1)
  2 endoplasms (D:1)
  2 giant cockroaches
  2 goblins (D:1)
  3 hobgoblins (D:1)
  6 jackals (D:1)
  5 kobolds
  A quokka (D:2)
  7 bats
  A frilled lizard (D:2)
  3 rats
45 creatures vanquished.

Table legend:
 A = Non-vault XP
 B = Vault XP
 C = Vault XP percentage of total XP
 D = Non-vault monster count
 E = Vault monster count
 F = Vault count percentage of total count
                 A         B        C        D         E       F
            +---------+---------+-------+---------+---------+-------
      Total |     141 |       0 |   0.0 |      45 |       0 |   0.0
            +---------+---------+-------+---------+---------+-------
        D:1 |      58 |       0 |   0.0 |      28 |       0 |   0.0
        D:2 |      62 |       0 |   0.0 |      13 |       0 |   0.0
        D:3 |      21 |       0 |   0.0 |       4 |       0 |   0.0
            +---------+---------+-------+---------+---------+-------

Skill      XL: |  1  2  3  4 |
---------------+-------------+-----
Long Blades    | 4 5 |  5.3
Fighting       | |  2.0
Throwing       | |  1.7
Dodging        | |  2.6

Action                     |  1- 3 |  4- 6 || total
---------------------------+-------+-------++-------
  Melee: Dagger            |    66 |    27 ||    93
         Long sword        |    70 |    31 ||   101
    Use: Scroll            |     3 |     6 ||     9
   Stab: Sleeping          |     1 |       ||     1
 Armour: Leather armour    |    32 |    37 ||    69
  Dodge: Dodged            |    57 |    37 ||    94

Illustrated notes

Table legend:
 A = Kills in this place as a percentage of kills in the entire game.
 B = Kills by you in this place as a percentage of kills by you in the entire game.
 C = Kills by friends in this place as a percentage of kills by friends in the entire game.
 D = Other kills in this place as a percentage of other kills in the entire game.
 E = Experience gained in this place as a percentage of experience gained in the entire game.
 F = Experience gained in this place divided by the number of levels of this place that you have seen.
                   A       B       C       D       E      F
               +-------+-------+-------+-------+-------+----------------------
         Total | 100.0 | 100.0 |   N/A |   N/A | 100.0 |  47.0
       Dungeon | 100.0 | 100.0 |   N/A |   N/A | 100.0 |  47.0
               +-------+-------+-------+-------+-------+----------------------

Table legend: (Time is in decaauts)
 A = Elapsed time spent in this place.
 B = Non-inter-level travel time spent in this place.
 C = Inter-level travel time spent in this place.
 D = Time resting spent in this place.
 E = Time spent auto-exploring this place.
 F = Levels seen in this place.
 G = Mean time per level.
                   A        B        C        D        E       F      G
               +--------+--------+--------+--------+--------+-----+--------+
         Total |   1612 |   1523 |     89 |     51 |   1179 |   3 |  537.3 |
       Dungeon |   1612 |   1523 |     89 |     51 |   1179 |   3 |  537.3 |
               +--------+--------+--------+--------+--------+-----+--------+

Top non-repeatable levels by time:
     D:1: 887 daAuts
     D:2: 530 daAuts
     D:3: 195 daAuts
